 Dungeon Crawl Stone Soup version 0.20.1-1-g8b1a95d (webtiles) character file.

7 tidbits the Caller (level 1, -1/13 HPs)
             Began as a Demonspawn Summoner on Aug 18, 2017.
             Slain by a jackal (2 damage)
             ... on level 1 of the Dungeon.
             The game lasted 00:01:51 (175 turns).

tidbits the Caller (Demonspawn Summoner)             Turns: 175, Time: 00:01:52

Health: -1/13      AC:  2    Str:  8    XL:     1   Next: 83%
Magic:  1/4        EV: 12    Int: 16    God:
Gold:   29         SH:  0    Dex: 13    Spells: 4/5 levels left

rFire    . . .     SeeInvis .   a - +0 spear
rCold    . . .     Gourm    .   (no shield)
rNeg     . . .     Faith    .   e - +0 robe
rPois    .         Spirit   .   (no helmet)
rElec    .         Reflect  .   (no cloak)
rCorr    .         Harm     .   (no gloves)
MR       .....                  (no boots)
Stlth    ++........             (no amulet)
Regen    0.1/turn               (no ring)
MPRegen  0.1/turn               (no ring)

@: no status effects
A: no striking features
a: no special abilities


You were on level 1 of the Dungeon.
You were not hungry.

You visited 1 branch of the dungeon, and saw 1 of its levels.

You collected 29 gold pieces.

Inventory:

Hand Weapons
 a - a +0 spear (weapon)
Armour
 e - a +0 robe (worn)
Potions
 d - a potion of curing {unknown}
Books
 b - a book of Callings

   Spells                             Type                      Level
   a - Summon Small Mammal            Summoning                    1
   b - Call Imp                       Summoning                    2
   c - Call Canine Familiar           Summoning                    3
   d - Summon Guardian Golem          Hexes/Summoning              3
   e - Summon Lightning Spire         Summoning/Air                4
   f - Summon Ice Beast               Ice/Summoning                4
Comestibles
 c - a bread ration


   Skills:
 - Level 1.7 Dodging
 - Level 1.7 Stealth
 + Level 2.5 Spellcasting
 + Level 4.0 Summonings


You had 4 spell levels left.
You knew the following spells:

 Your Spells              Type           Power        Failure   Level  Hunger
z - Summon Small Mammal   Summ           ##..         3%          1    #......


Dungeon Overview and Level Annotations

Branches:
Dungeon (1/15)

Altars:


Message History

You kill the hobgoblin!
A hobgoblin comes into view. It is wielding a club.
The hobgoblin shouts!
A rat comes into view.
Found 17 gold pieces.
Casting: Summon Small Mammal
Confirm with . or Enter, or press ? or * to list all spells.
A jackal comes into view.
You barely miss the hobgoblin.
The jackal barks!
The hobgoblin barely misses you.
Your rat closely misses the hobgoblin.
A jackal comes into view.
You hit the hobgoblin.
The hobgoblin is moderately wounded.
The rat barely misses your rat.
Your rat bites the hobgoblin.
The hobgoblin hits your rat with a club.
Your rat dies!
Your rat's corpse disappears in a puff of smoke!
Your rat closely misses the hobgoblin.
The rat bites your rat.
A bat and a jackal come into view.
You hit the hobgoblin but do no damage.
The hobgoblin is severely wounded.
The hobgoblin hits you with a club.
* * * LOW HITPOINT WARNING * * *
Your rat bites the rat.
The rat dies!
The bat closely misses your rat. x2; Something bites your rat.
Casting: Summon Small Mammal
Confirm with . or Enter, or press ? or * to list all spells.
The bat misses your rat.
Your rat barely misses the hobgoblin.
The hobgoblin barely misses you. The jackal bites your rat.
Your rat dies!
Your rat's corpse disappears in a puff of smoke!
Your rat bites the hobgoblin.
The hobgoblin hits your rat with a club.
Your rat dies!
Your rat's corpse disappears in a puff of smoke!
Casting: Summon Small Mammal
Confirm with . or Enter, or press ? or * to list all spells.
Your quokka barely misses the hobgoblin.
The jackal barely misses your quokka. The hobgoblin barely misses you.
The bat misses you.
Your quokka closely misses the hobgoblin.
The jackal misses your quokka.
You barely miss the bat. The bat misses you. The jackal bites your quokka.
The hobgoblin misses you. The bat hits you but does no damage.
Your quokka barely misses the hobgoblin.
The jackal barely misses your quokka.
Your quokka misses the hobgoblin. You barely miss the bat.
The bat closely misses you. The jackal closely misses your quokka.
The hobgoblin hits you with a club.
* * * LOW HITPOINT WARNING * * *
The bat barely misses you.
Your quokka barely misses the hobgoblin.
The jackal misses your quokka.
You hit the bat.
The bat is moderately wounded.
The bat misses you.
Your quokka bites the hobgoblin.
The hobgoblin dies!
The jackal bites your quokka.
Your quokka bites the jackal.
The bat hits you.
* * * LOW HITPOINT WARNING * * *
Your quokka closely misses the jackal.
The jackal misses your quokka. The bat hits you but does no damage.
Okay, then.
The bat hits you but does no damage. The bat hits you but does no damage.
The bat misses you. The jackal barely misses your quokka.
Casting: Summon Small Mammal
Confirm with . or Enter, or press ? or * to list all spells.
The bat hits you but does no damage. The bat misses you.
Your quokka closely misses the jackal.
You miss the bat. The bat hits you but does no damage.
The jackal barely misses your quokka. The jackal bites your quokka.
Your quokka bites the jackal.
Your quokka barely misses the jackal.
The jackal bites you.
* * * LOW HITPOINT WARNING * * *
Unknown command.
You hit the jackal but do no damage.
The jackal is moderately wounded.
The bat hits you but does no damage.
The jackal bites your quokka but does no damage.
The jackal closely misses you.
Your quokka bites the jackal but does no damage.
Your quokka misses the jackal. The bat hits you but does no damage.
You closely miss the jackal.
The jackal is moderately wounded.
The bat barely misses you. The jackal bites you.
* * * LOW HITPOINT WARNING * * *
The jackal barely misses your quokka.
Your quokka bites the jackal but does no damage.
Your quokka bites the jackal.
The jackal bites your quokka but does no damage.
Unknown command.
The bat barely misses you.
Something bites your quokka but does no damage.
Your quokka closely misses the jackal.
The bat barely misses you. The jackal closely misses your quokka.
The jackal bites you.
You die... .#...P.PPPPPPPPP.PPPPPPPPP.P ......PP.PPPPPPP.P.PPPPPPP.PP ##.....PPP.PPPPP.PPP.PPPPP.PPP ###......PPPP.....PPPPP.....PPPP ....#.#.PPPPPP.PPPPPPPPPPPPPPPP

.##.#.#.#........................
....#............b..............#
.....................#..........#
...............r@................
.....†(.h...#)#.#h..............#
..####.####..#h#....(..........#
####.##...h.h.r...#..........#
#.#.......).#..#....############
#.........#...##....#
#...........#########
###......#### #$....##


You could see 3 jackals, a bat and 2 friendly quokkas.

Vanquished Creatures
  2 hobgoblins (D:1)
2 creatures vanquished.

Vanquished Creatures (collateral kills)
  A hobgoblin (D:1)
  2 bats (D:1)
  2 frilled lizards (D:1)
  2 rats (D:1)
7 creatures vanquished.

Grand Total: 9 creatures vanquished

Notes
Turn   | Place    | Note
-------+----------+-------------------------------------------
     0 | D:1      | tidbits the Demonspawn Summoner began the quest for the Orb.
     0 | D:1      | Reached XP level 1. HP: 13/13 MP: 3/3
   171 | D:1      | HP: 1/13 [jackal (1)]
   175 | D:1      | Slain by a jackal

Action                   || total
-------------------------++-------
Melee: Spear             ||    16
       Unarmed           ||    15
 Cast: Summon Small Mamm ||    12
Armor: Robe              ||    19
Dodge: Dodged            ||    31

Table legend:
 A = Turns spent in this place as a percentage of turns spent in the entire game.
 B = Non-inter-level travel turns spent in this place as a percentage of non-inter-level travel turns spent in the entire game.
 C = Inter-level travel turns spent in this place as a percentage of turns spent in this place.
 D = Turns resting spent in this place as a percentage of non-inter-level travel turns spent in this place.
 E = Turns spent auto-exploring this place as a percentage of non-inter-level travel turns spent in this place.
 F = Non-inter-level travel turns spent in this place divided by the number of levels of this place that you've seen.
                   A       B       C       D       E      F
               +-------+-------+-------+-------+-------+----------------------
         Total | 100.0 | 100.0 |   0.0 |   0.0 |   0.0 | 181.0
       Dungeon | 100.0 | 100.0 |   0.0 |   0.0 |   0.0 | 181.0
               +-------+-------+-------+-------+-------+----------------------

Table legend:
 A = Kills in this place as a percentage of kills in entire the game.
 B = Kills by you in this place as a percentage of kills by you in the entire game.
 C = Kills by friends in this place as a percentage of kills by friends in the entire game.
 D = Other kills in this place as a percentage of other kills in the entire game.
 E = Experience gained in this place as a percentage of experience gained in the entire game.
 F = Experience gained in this place divided by the number of levels of this place that you have seen.
                   A       B       C       D       E      F
               +-------+-------+-------+-------+-------+----------------------
         Total | 100.0 | 100.0 | 100.0 |  -nan | 100.0 |  10.0
       Dungeon | 100.0 | 100.0 | 100.0 |  -nan | 100.0 |  10.0
               +-------+-------+-------+-------+-------+----------------------

Vault maps used:
D:1:      roderic_crop_circles_arrival_large
